 Dungeon Crawl Stone Soup version 0.29-a0-575-g0dc89cf (webtiles) character file.

Game seed: 8476767853490246442

30 BingusPrime the Magician (level 3, 23/25 HPs)
             Began as a Djinni Air Elementalist on June 12, 2022.
             Quit the game on level 2 of the Dungeon.
             The game lasted 00:02:35 (1283 turns).

BingusPrime the Magician (Djinni Air Elementalist)  Turns: 1283, Time: 00:02:36

Health: 23/25      AC:  2    Str:  5    XL:     3   Next: 35%
Gold:   93         EV: 12    Int: 18    God:
                   SH:  0    Dex: 13

rFire   + + .      SeeInvis .   k - +5 dagger "Killer Bee's Peril" {vorpal, rC++ Will+ Str-2 Stlth+}
rCold   + . .      Faith    .   (no shield)
rNeg    . . .      Spirit   .   a - +0 robe
rPois   ∞          Reflect  .   (no helmet)
rElec   .          Harm     .   (no cloak)
rCorr   .          Rampage  .   (no gloves)
Will    +....                   (boots unavailable)
Stlth   +++.......              (no amulet)
HPRegen 0.08/turn               (no ring)
MPRegen 0.00/turn               (no ring)

@: flying
A: sickness immunity, fire resistance 2, cold vulnerability 1, float, innate
caster, HP casting, extra vitality 1
a: no special abilities


You were on level 2 of the Dungeon.
You visited 1 branch of the dungeon, and saw 2 of its levels.

You collected 93 gold pieces.

Inventory:

Hand Weapons
 k - the +5 dagger "Killer Bee's Peril" (weapon) {vorpal, rC++ Will+ Str-2 Stlth+}
   (You found it on level 2 of the Dungeon)

   It inflicts extra damage upon your enemies.
   Str:       It affects your strength (-2).
   rC:        It greatly protects you from cold.
   Will:      It increases your willpower.
   Stlth:     It makes you more stealthy.
Armour
 a - a +0 robe (worn)
 h - a +0 cloak
Magical Staves
 c - a staff of earth
Scrolls
 b - 4 scrolls of identify {unknown}
 e - a scroll of enchant weapon {unknown}
Potions
 d - a potion of invisibility {unknown}
 f - a potion of heal wounds {unknown}
 g - 2 potions of degeneration {unknown}
 i - a potion of resistance {unknown}
 j - a potion of haste {unknown}


   Skills:
 + Level 2.8 Dodging
 - Level 1.6 Stealth
 * Level 3.0 Spellcasting


You couldn't memorise any spells.
You knew the following spells:

 Your Spells              Type           Power      Damage    Failure   Level
a - Shock                 Conj/Air       52%        1d6       4%          1
b - Static Discharge      Conj/Air       13%        N/A       7%          2
c - Swiftness             Air            13%        N/A       14%         3
d - Airstrike             Air            6%         N/A       41%         4
e - Summon Small Mammal   Summ           52%        N/A       4%          1
Your spell library was empty.

Dungeon Overview and Level Annotations

Branches:
Dungeon (2/15)

Altars:


Innate Abilities, Weirdness & Mutations

You are immune to sickness and miasma.
You are immune to poison.
Your flesh is very heat resistant. (rF++)
You are vulnerable to cold. (rC-)
You float through the air rather than walking.
You learn spells naturally, not from books.
Your magical power is your life essence.
You have superior vitality. (+4 MHP)


Message History

You kill the dart slug!
You see here a rat corpse.
A ball python comes into view.
The ball python hisses angrily.
Casting: Shock (safe; 4% risk of failure)
Confirm with . or Enter, or press ? or * to list all spells.
Aiming: Shock (safe; 4% risk of failure)
Press: ? - help, Shift-Dir - straight line, f - ball python
Aim: a ball python (64% to hit)
The zap hits the ball python.
The ball python is severely wounded.
Casting: Shock (safe; 4% risk of failure)
Confirm with . or Enter, or press ? or * to list all spells.
Aiming: Shock (safe; 4% risk of failure)
Press: ? - help, Shift-Dir - straight line, f/p - ball python
Aim: a ball python (severely wounded, 64% to hit)
The zap hits the ball python.
You kill the ball python!
g - 2 ruby potions (gained 1)
There is an open door here.
You reach down and open the door.
There is an open door here.
A dart slug comes into view.
Casting: Shock (safe; 4% risk of failure)
Confirm with . or Enter, or press ? or * to list all spells.
Aiming: Shock (safe; 4% risk of failure)
Press: ? - help, Shift-Dir - straight line The zap hits the dart slug.
The dart slug is heavily wounded.
The zap hits the dart slug.
The dart slug is heavily wounded.
Casting: Shock (safe; 4% risk of failure)
Confirm with . or Enter, or press ? or * to list all spells.
Aiming: Shock (safe; 4% risk of failure)
Press: ? - help, Shift-Dir - straight line The zap hits the dart slug.
The dart slug is almost dead.
The zap hits the dart slug.
You kill the dart slug!
Are you sure you want to abandon this character and quit the game? (Confirm with "yes".)

#.# #.#####.# ##......##....##.
#.# #.# #.# ##......##..###. ..#
#.# #.# ##......##..### ### #.#
#.# ##......##.# # #.# ###.#
†##......##### #.# #...#
#..##...)..##.. ####.###...#
###...###......#.#
##..........###...###......#'#..
#..#.##.....#..@###......###.#.>
#....##.###.#.###......###...#..
##.......#
#.#'#......###....##..
...#######
#.#......###....#..#.. ####
#......###...##.##.#.. #
###..###...#..#..#.#.# ####
###############


There were no monsters in sight!

Vanquished Creatures
  2 worms (D:2)
  2 dart slugs (D:2)
  3 ball pythons (D:2)
  2 endoplasms (D:2)
  2 giant cockroaches (D:2)
  4 goblins
  3 frilled lizards
  2 rats (D:2)
20 creatures vanquished.

Notes
Turn   | Place    | Note
-------+----------+-------------------------------------------
     0 | D:1      | BingusPrime the Djinni Air Elementalist began the quest for
                  | the Orb.
     0 | D:1      | Reached XP level 1. HP: 15/15 MP: 0/0
   175 | D:1      | You are sucked into a shaft and drop 1 floor!
   352 | D:2      | Reached XP level 2. HP: 18/21 MP: 0/0
   926 | D:2      | Reached XP level 3. HP: 22/25 MP: 0/0
   926 | D:2      | Learned a level 1 spell: Summon Small Mammal
  1016 | D:2      | Identified the +5 dagger "Killer Bee's Peril" {vorpal, rC++
                  | Will+ Str-2 Stlth+}
  1143 | D:2      | Reached skill level 3 in Spellcasting
  1283 | D:2      | Quit the game

Illustrated notes

Levels and vault maps discovered:
D:1:      giann_horns, layout_rooms, chequers_ecumenical_altar_grove
D:2:      minmay_razor_zed, layout_rooms, grunt_ministairs_15, st_stairs_2

Skill      XL: |  1  2  3 |
---------------+----------+-----
Spellcasting   | 3 |  3.0
Dodging        | |  2.8
Stealth        | |  1.6

Action                   || total
-------------------------++-------
 Cast: Shock             ||    48
       Static Discharge  ||     1
Dodge: Dodged            ||     2

Table legend: (Time is in decaauts)
 A = Elapsed time spent in this place.
 B = Non-inter-level travel time spent in this place.
 C = Inter-level travel time spent in this place.
 D = Time resting spent in this place.
 E = Time spent auto-exploring this place.
 F = Levels seen in this place.
 G = Mean time per level.
                   A        B        C        D        E       F      G
               +--------+--------+--------+--------+--------+-----+--------+
         Total |   1281 |   1268 |     13 |    154 |   1015 |   2 |  640.5 |
       Dungeon |   1281 |   1268 |     13 |    154 |   1015 |   2 |  640.5 |
               +--------+--------+--------+--------+--------+-----+--------+

Top non-repeatable levels by time:
     D:2: 1107 daAuts
     D:1: 174 daAuts
